 Dungeon Crawl Stone Soup version 0.30-a0-585-g93115170b9 (webtiles) character file.

Game seed: 10598967555626449285

31 purpskrrrp the Insei (level 3, -4/34 HPs)
             Began as an Octopode Transmuter on Jan 1, 2023.
             Was an Initiate of Ashenzari.
             Slain by Robin
             ... wielding a +0 mace
              (5 damage)
             ... on level 1 of the Dungeon.
             The game lasted 00:01:49 (948 turns).

purpskrrrp the Insei (Octopode Transmuter)           Turns: 948, Time: 00:01:49

Health: -4/34      AC: 21    Str: 11    XL:     3   Next: 22%
Magic:  5/6        EV:  2    Int: 15    God:    Ashenzari [......]
Gold:   26         SH:  0    Dex: 12    Spells: 5/6 levels left

rFire   . . .      SeeInvis .      - Unarmed
rCold   . . .      Faith    .    (no shield)
rNeg    . . .      Spirit   .    (helmet currently unavailable)
rPois   +          Reflect  .    (no amulet)
rElec   .          Harm     .    (no ring)
rCorr   .          Rampage  .    (no ring)
Will    .....      NoTele   +    (no ring)
Stlth   +                        (no ring)
HPRegen 0.25/turn                (no ring)
MPRegen 0.10/turn                (no ring)
                                 (no ring)
                                 (no ring)

@: tree-form
A: stationary, stasis, torment immunity, boosted hp, almost no armour,
(amphibious), 8 rings, (camouflage 1), (gelatinous body 1), (nimble swimmer 1),
(tentacles)
a: Renounce Religion, Curse Item


You were on level 1 of the Dungeon.
You worshipped Ashenzari.
Ashenzari was noncommittal.
You were a tree.
You visited 1 branch of the dungeon, and saw 2 of its levels.

You collected 26 gold pieces.

Inventory:

Scrolls
 b - a scroll of blinking {unknown}
 d - a scroll of torment {unknown}
 e - a scroll of teleportation {unknown}
Potions
 c - a potion of curing {unknown}
 f - 2 potions of might {unknown}
 g - a potion of cancellation {unknown}


   Skills:
 + Level 1.5 Fighting
 + Level 2.3 Dodging
 + Level 3.2 Unarmed Combat
 + Level 2.3 Spellcasting
 + Level 2.3 Transmutations


You had 5 spell levels left.
You knew the following spells:

 Your Spells              Type           Power      Damage    Failure   Level
a - Beastly Appendage     Tmut           16%        N/A       9%          1

Your spell library contained the following spells:

 Spells                   Type           Power      Damage    Failure   Level
 Wereblood                Tmut           8%         N/A       12%         2
 Spider Form              Tmut/Pois      5%         N/A       36%         3
 Ice Form                 Ice/Tmut       5%         N/A       78%         4


Dungeon Overview and Level Annotations

Branches:
Dungeon (2/15)

Altars:
Ashenzari

Annotations:
D:1 Robin


Innate Abilities, Weirdness & Mutations

You are a tree.
Your roots penetrate the ground, keeping you stationary.
You cannot be teleported.
You are immune to unholy pain and torment.
Your maximum health is greatly increased.
You cannot wear most types of armour.
((You are amphibious.))
You can wear up to eight rings at the same time.
((Your skin changes colour to match your surroundings (Stealth+).))
((Your rubbery body absorbs attacks. (AC +1, EV +1)))
((You are camouflaged when in or above water. (Stealth+)))
((You have tentacles for arms and can constrict up to eight enemies at once.))


Message History

The hobgoblin barely misses you. The hobgoblin hits you.
The goblin barely misses you. Robin hits you with a +0 mace.
You climb upwards.
There is a stone staircase leading down here.
One of your tentacles grows a vicious spike.
Robin roars a battlecry!
The goblins go into a battle-frenzy!
The hobgoblin hits you. The hobgoblin barely misses you.
The goblin barely misses you.
Really quaff the potion of lignification?
Your tentacle spike disappears.
You turn into a tree.
Your roots penetrate the ground.
Robin barely misses you.
The hobgoblin hits you but does no damage.
The hobgoblin hits you. The goblin hits you with a +0 dagger.
* * * LOW HITPOINT WARNING * * *
You hit Robin.
Robin is lightly wounded.
Robin hits you but does no damage. The hobgoblin hits you.
* * * LOW HITPOINT WARNING * * *
The hobgoblin hits you but does no damage.
The goblin hits you but does no damage.
You hit Robin but do no damage.
Robin is lightly wounded.
You hit Robin but do no damage.
Robin is lightly wounded.
Robin hits you but does no damage.
The hobgoblin hits you but does no damage.
The hobgoblin hits you.
* * * LOW HITPOINT WARNING * * *
The goblin barely misses you.
You hit Robin but do no damage.
Robin is lightly wounded.
Robin hits you with a +0 mace.
* * * LOW HITPOINT WARNING * * *
The hobgoblin hits you but does no damage. x2
The goblin hits you but does no damage.
You hit Robin.
Robin is moderately wounded.
Robin hits you with a +0 mace.
You die...

##### ##...## #.###.##### #.#
#.....#######
##.###.###...g♣g.#
#............gg#.#######
#.##.##.##..##.........#
#.##.##.##..####.#####.#
#.##.(..##..####)#####.####
#)##.##.##.......##......(#
#.##.##.##.########.##.##.#
#................##)##..#.##
#######)##.......##.###.#..###


You could see Robin, 2 hobgoblins and a goblin (strong).

Vanquished Creatures
  A dart slug (D:1)
  3 endoplasms (D:1)
  3 giant cockroaches (D:1)
  3 goblins (D:1)
  3 hobgoblins (D:1)
  2 quokkas (D:1)
  4 ball pythons (D:1)
  A bat (D:1)
  3 frilled lizards (D:1)
  3 kobolds (D:1)
26 creatures vanquished.

Notes
Turn   | Place    | Note
-------+----------+-------------------------------------------
     0 | D:1      | purpskrrrp the Octopode Transmuter began the quest for the
                  | Orb.
     0 | D:1      | Reached XP level 1. HP: 13/13 MP: 3/3
   100 | D:1      | Reached XP level 2. HP: 6/18 MP: 5/5
   382 | D:1      | Found a faded altar of an unknown god.
   466 | D:1      | Reached XP level 3. HP: 20/23 MP: 4/6
   920 | D:1      | Prayed at the altar of an unknown god.
   920 | D:1      | Became a worshipper of Ashenzari the Shackled
   939 | D:2      | Noticed Robin
   947 | D:1      | HP: 1/34 [Robin/+0 mace (5)]
   948 | D:1      | Slain by Robin

Illustrated notes

Levels and vault maps discovered:
D:1:      zaba_arrival_water, layout_loops_cross,
          shapermc_ecumenical_altar_venn, palyth_stone_intersect,
          chequers_serial_rivers_micro_c, hex_tiny
D:2:      layout_basic, uniq_robin

Action                   || total
-------------------------++-------
Melee: Unarmed           ||    59
       Tentacles         ||    11
       Constrict         ||    11
       Kick              ||    12
       Punch             ||     1
 Cast: Beastly Appendage ||    16
  Use: Potion            ||     1
 Stab: Sleeping          ||     7
Armor: Skin              ||    16
Dodge: Dodged            ||    26

Table legend: (Time is in decaauts)
 A = Elapsed time spent in this place.
 B = Non-inter-level travel time spent in this place.
 C = Inter-level travel time spent in this place.
 D = Time resting spent in this place.
 E = Time spent auto-exploring this place.
 F = Levels seen in this place.
 G = Mean time per level.
                   A        B        C        D        E       F      G
               +--------+--------+--------+--------+--------+-----+--------+
         Total |    945 |    917 |     28 |      0 |    736 |   2 |  472.5 |
       Dungeon |    945 |    917 |     28 |      0 |    736 |   2 |  472.5 |
               +--------+--------+--------+--------+--------+-----+--------+

Top non-repeatable levels by time:
     D:1: 943 daAuts
     D:2: 1 daAuts
